AoeStats
← 魔法少年賈K

Arabia

512296409Analyzed
1v1 RM · 9d ago on Oct 9, 2026· 30m 34s· 2 players
Game mode
Random Map
Map size
Tiny (2 player)
Population
200
Speed
Normal
Resources
Standard
Victory
Conquest
Starting age
Dark Age
Ending age
Imperial Age
RankedLock teamsTeams togetherTeam positionsShared explorationLock speedFull tech treeHidden civsTurbo modeCheats
Victory
Defeat
🇦🇺 Persians · Australia
1106
+15
vs
🇦🇷 Mongols · Argentina
1085
-15
魔法少年賈K
6:54 Loom
10:05 Feudal Age
12:30 Forging
12:38 Horse Collar
18:18 Scale Mail Armor
23:46 Castle Age
22:12 Fletching
24:27 Bodkin Arrow
28:37 Bloodlines
28:29 Husbandry
29:04 Padded Archer Armor
29:42 Double-Bit Axe
MAC0406
7:10 Loom
9:28 Feudal Age
10:44 Double-Bit Axe
14:23 Horse Collar
23:07 Castle Age
21:19 Fletching
21:29 Padded Archer Armor
23:25 Bloodlines
23:51 Bodkin Arrow
25:13 Husbandry
25:52 Wheelbarrow
26:29 Bow Saw
27:35 Thumb Ring
28:18 Leather Archer Armor
29:55 Heavy Plow
30:34 Ballistics
30:25 Town Watch
Connection lost

Rejoining the realm…

Still unreachable

The connection could not be restored.

Session expired

The server has moved on; the page needs a fresh start.